 Dungeon Crawl Stone Soup version 0.31-a0-496-g6f97920a28 (webtiles) character file.

Game seed: 1118393676716051277

49 LeprechaunX the Changeling (level 3, -9/24 HPs)
             Began as an Octopode Shapeshifter on Aug 8, 2023.
             Mangled by a gnoll
             ... wielding a +0 flail
              (11 damage)
             ... on level 2 of the Dungeon.
             The game lasted 00:00:54 (964 turns).

LeprechaunX the Changeling (Octopode Shapeshifter)   Turns: 964, Time: 00:00:55

Health: -9/24      AC:  1    Str: 16    XL:     3   Next: 77%
Magic:  3/3        EV: 13    Int: 10    God:
Gold:   31         SH:  0    Dex: 12    Spells: 2/2 levels left

rFire   . .          .
                       - Unarmed
rCold   . . .        (no shield)
rNeg    . . .        (helmet currently unavailable)
rPois   .            (no amulet)
rElec   .            (no ring)
rCorr   .            (no ring)
SInv    .            (no ring)
Will    .....        (no ring)
Stlth   ++           (no ring)
HPRegen 0.24/turn    (no ring)
MPRegen 0.08/turn    (no ring)
                     (no ring)

%: no passive effects
@: beast-form
A: beast (slay +2), almost no armour, amphibious, 8 rings, camouflage 1,
gelatinous body 1, (nimble swimmer 1), tentacles
a: Begin Untransformation


You were on level 2 of the Dungeon.
You were a hulking beast.
You visited 1 branch of the dungeon, and saw 2 of its levels.

You collected 31 gold pieces.

Inventory:

Jewellery
 f - a ring of fire
Talismans
 b - a beast talisman (active)
 c - a flux talisman
Scrolls
 g - a scroll of amnesia {unknown}
 h - 2 scrolls of fog {unknown}
 i - a scroll of enchant weapon {unknown}
 k - 2 scrolls of identify {unknown}
 l - a scroll of vulnerability {unknown}
 m - a scroll of blinking {unknown}
Potions
 a - a potion of lignification
 d - a potion of curing {unknown}
 e - 2 potions of heal wounds {unknown}
 j - 2 potions of cancellation {unknown}
 n - a potion of berserk rage {unknown}
 o - a potion of attraction {unknown}
 p - a potion of haste {unknown}


   Skills:
 + Level 1.7 Fighting
 + Level 2.4 Dodging
 + Level 3.3 Unarmed Combat
 * Level 3.5 Shapeshifting


You had 2 spell levels left.
You didn't know any spells.
Your spell library was empty.

Dungeon Overview and Level Annotations

Branches:
Dungeon (2/15)

Altars:
Vehumet


Innate Abilities, Weirdness & Mutations

You are a hulking beast.
Your limbs bulge with bestial killing power. (Slay +2)
You cannot wear most types of armour.
You are amphibious.
You can wear up to eight rings at the same time.
Your skin changes colour to match your surroundings (Stealth+).
Your rubbery body absorbs attacks. (AC +1, EV +1)
((You are camouflaged when in or above water. (Stealth+)))
You have tentacles for arms and can constrict up to eight enemies at once.


Message History

The bat hits you but does no damage. The gnoll closely misses you.
You tentacle-slap the gnoll.
You kill the gnoll!
The bat hits you. The dart slug launches a dart at you. The slug dart hits you.
A gnoll comes into view. It is wielding a +0 flail.
The bat misses you. The dart slug launches a dart at you.
The slug dart misses you.
The gnoll shouts!
You bludgeon the bat!
You kill the bat!
You hear a shout!
The dart slug launches a dart at you. The slug dart hits you.
The gnoll barely misses you.
Things that are here:
a +0 spear; a bat corpse; a gnoll corpse You closely miss the gnoll.
You grab the gnoll. You constrict the gnoll.
The gnoll hits you with a +0 flail.
A gnoll comes into view.
It is wielding a +2 flail of protection.
The kobold throws a stone.
The stone closely misses you. The dart slug launches a dart at you.
The slug dart hits you.
* * * LOW HITPOINT WARNING * * *
You release your grip on the gnoll.
Found a cloak.
The kobold throws a stone.
The stone barely misses you.
Unknown command.
You bludgeon the gnoll! You grab the gnoll.
Your tentacle-slap misses the gnoll.
The gnoll is severely wounded.
You constrict the gnoll. The gnoll hits you with a +0 flail.
* * * LOW HITPOINT WARNING * * *
You release your grip on the gnoll.
You tentacle-slap the gnoll but do no damage.
You grab the gnoll.
The gnoll is severely wounded.
You constrict the gnoll. The gnoll hits you with a +0 flail!
You die...

#.# #...[ #.## #... #...w##..# #
##. .........# ... #####.
#.##.##w)###..# .....
#.......K.)K..#
#..###.#####g##.####
#.#....#####g##.## .P.
#.#..#.....h.#...# ### ..P..
#.#.##.#######...# #......PP ##
###.#.##.# #...###.##.#...
.###........# #.<............
...#.......## ####....##.#......
.....).###.###...................
.......# #... ...............###
..)....###.###..............####.
...#.......# ######....####......


You could see 2 gnolls, a dart slug and a kobold.

Vanquished Creatures
  2 gnolls (D:2)
  A dart slug (D:2)
  3 endoplasms (D:1)
  3 giant cockroaches
  A goblin (D:1)
  3 hobgoblins (D:1)
  4 quokkas
  2 ball pythons (D:1)
  A bat (D:2)
  4 frilled lizards (D:1)
  3 kobolds (D:2)
  2 rats
29 creatures vanquished.

Notes
Turn   | Place    | Note
-------+----------+-------------------------------------------
     0 | D:1      | LeprechaunX the Octopode Shapeshifter began the quest for
                  | the Orb.
     0 | D:1      | Reached XP level 1. HP: 13/13 MP: 1/1
   258 | D:1      | Reached XP level 2. HP: 18/18 MP: 2/2
   792 | D:2      | Reached XP level 3. HP: 23/23 MP: 3/3
   947 | D:2      | Found a radiant altar of Vehumet.
   964 | D:2      | Mangled by a gnoll

Illustrated notes

Levels and vault maps discovered:
D:1:      wander_arrival_estate, layout_loops_ring,
          chequers_serial_rivers_large_a
D:2:      layout_loops_cross, basic_altar, nicolae_grassy_gnolls

Action                     || total
---------------------------++-------
  Melee: Unarmed           ||    60
         Tentacles         ||    10
         Constrict         ||    18
   Stab: Sleeping          ||     7
 Armour: Skin              ||     5
  Dodge: Dodged            ||    37

Table legend: (Time is in decaauts)
 A = Elapsed time spent in this place.
 B = Non-inter-level travel time spent in this place.
 C = Inter-level travel time spent in this place.
 D = Time resting spent in this place.
 E = Time spent auto-exploring this place.
 F = Levels seen in this place.
 G = Mean time per level.
                   A        B        C        D        E       F      G
               +--------+--------+--------+--------+--------+-----+--------+
         Total |    960 |    939 |     21 |      0 |    739 |   2 |  480.0 |
       Dungeon |    960 |    939 |     21 |      0 |    739 |   2 |  480.0 |
               +--------+--------+--------+--------+--------+-----+--------+

Top non-repeatable levels by time:
     D:1: 782 daAuts
     D:2: 177 daAuts
